Map: Cerulean Fall LE

Players

UTDJ

  • Race: Terran Terran
  • League: Platinum
  • Spawn Location: 7:00

Mesrob - Winner!

  • Race: Terran Terran
  • League: Gold
  • Spawn Location: 1:00

VOD

Have the link to the VOD?

Description

Time

  • Played on: Jan. 22, 2019, 12:20 a.m.
  • Length: 13:55
Show
View Real Time Build Order
Export as new Build Order

UTDJ Terran 

Build Orders: Banshee Rush 

Get SALT Encoding   

  12  0:01  SCV  
  13  0:17  Supply Depot  
  13  0:18  SCV  
  14  0:30  SCV  
  15  0:40  Barracks  
  15  0:48  SCV  
  15  0:49  Refinery  
  16  1:01  SCV  
  17  1:13  SCV  
  18  1:25  SCV  
  18  1:28  Supply Depot  
  19  1:37  SCV  
  19  1:45  Refinery  
  19  1:53  Barracks Tech Lab  
  19  1:59  Orbital Command  
  19  2:02  Factory  
  19  2:09  Barracks  
  19  2:13  Marine  
  20  2:30  Barracks  
  20  2:34  Marine  
  21  2:42  Engineering Bay  
  21  2:47  Factory Tech Lab  
  21  2:52  Starport  
  21  2:58  Barracks Tech Lab  
  21  3:02  Marine  
  22  3:09  SCV  
  23  3:18  Supply Depot, Barracks Reactor  
  23  3:25  Stimpack  
  23  3:41  Cloaking Field  
  23  3:42  Barracks Tech Lab  
  23  3:44  Banshee  
  26  3:48  Marine  
  27  4:07  Marine x2  
  27  4:08  Siege Tank  
  32  4:13  SCV  
  33  4:21  Marine  
  34  4:25  SCV  
  34  4:29  Banshee, Missile Turret  
  38  4:43  Marine  
  39  4:48  Supply Depot  
  39  4:50  Supply Depot  
  39  4:56  SCV  
  40  5:26  Marine x3  
  40  6:03  Command Center  
  40  6:06  Starport Reactor  
  40  6:38  SCV  
  40  6:39  Marine  
  41  6:40  Marine x3  
  45  6:50  SCV  
  46  6:57  Marine x2  
  45  7:02  Siege Tank, SCV  
  49  7:12  Combat Shield  
  49  7:14  Marine x2, SCV  
  52  7:20  Bunker  
  52  7:21  Orbital Command  
  52  7:26  SCV  
  53  7:34  Siege Tank  
  56  7:38  SCV  
  56  7:40  Medivac x2  
  56  7:42  Refinery  
  61  7:44  Refinery  
  61  7:49  Supply Depot  
  61  7:50  SCV  
  62  7:56  Factory, SCV  
  63  8:02  SCV  
  64  8:07  Siege Tank  
  64  8:10  Medivac x2  
  71  8:21  Marine  
  72  8:28  Marine x3  
  72  8:30  Concussive Shells  
  75  8:35  Missile Turret  
  75  8:40  Viking x2  
  79  8:50  Marine x3  
  79  8:51  Marauder  
  84  8:59  Siege Tank  
  86  9:22  Marauder  
  86  9:46  Viking x2, Siege Tank  
  86  9:47  Supply Depot  
  86  9:49  SCV  
  94  10:03  Command Center  
  94  10:09  Marauder, SCV x2  
  98  10:16  Viking x2  
  102  10:30  SCV  
  102  10:31  SCV  
  102  10:32  Siege Tank  
  82  10:45  Marine x4  
  82  10:46  Viking x2  
  90  10:52  Siege Tank  
  93  11:02  Marine  
  93  11:03  Marauder x2  
  93  11:04  SCV x2  
  100  11:15  Siege Tank  
  103  11:30  Missile Turret  
  103  11:39  Viking x2  
  91  12:01  Marine x2  
  91  12:02  Marine x2  
  77  12:09  Viking x2  
  67  12:19  Marine x2  
  67  12:20  Marauder x2  
  66  12:26  Siege Tank x2  
  72  12:37  Marine x2  
  72  12:41  Marauder x2  
  75  12:55  Marine x2  
  75  12:58  Siege Tank x2  
  74  13:02  Marine x2  
  77  13:12  Marine  
  77  13:13  Marine  
  79  13:20  Marine x2  
  68  13:30  Marine x2  
Show
View Real Time Build Order
Export as new Build Order

Mesrob Terran - Winner!

Build Orders: Mech 

Get SALT Encoding   

  12  0:03  SCV  
  13  0:15  SCV  
  13  0:19  Supply Depot  
  14  0:28  SCV  
  15  0:41  SCV  
  15  0:42  Barracks  
  16  0:50  Refinery  
  16  0:53  SCV  
  17  1:05  SCV  
  18  1:17  SCV  
  19  1:42  Orbital Command  
  19  1:47  Command Center  
  19  1:48  Marine  
  20  2:02  Bunker  
  20  2:15  SCV  
  21  2:23  Factory  
  21  2:27  SCV  
  22  2:32  Supply Depot  
  22  2:34  Barracks Tech Lab  
  22  2:43  Refinery, SCV  
  23  2:54  Supply Depot  
  23  2:55  Engineering Bay  
  23  2:56  SCV  
  24  3:08  Orbital Command  
  24  3:13  SCV  
  24  3:16  Siege Tank  
  28  3:21  Refinery  
  28  3:25  SCV  
  28  3:26  Supply Depot  
  29  3:33  Missile Turret  
  29  3:37  SCV  
  30  3:45  SCV  
  31  3:50  SCV  
  31  3:51  Supply Depot  
  31  3:52  Siege Tank  
  35  3:57  SCV  
  35  4:02  SCV  
  37  4:05  Armory  
  37  4:09  SCV  
  38  4:14  Refinery, SCV  
  38  4:16  Supply Depot  
  39  4:21  SCV  
  40  4:24  Siege Tank  
  40  4:29  SCV  
  44  4:34  SCV  
  45  4:42  SCV  
  46  4:46  SCV  
  46  4:49  Command Center  
  47  4:54  Missile Turret, SCV  
  47  4:58  SCV  
  49  5:06  SCV  
  53  5:10  SCV  
  53  5:12  Factory  
  53  5:17  Thor  
  56  5:28  Missile Turret  
  55  5:30  Missile Turret  
  50  6:02  Missile Turret  
  50  6:03  Terran Vehicle Weapons Level 1  
  50  6:05  SCV x2  
  51  6:17  SCV  
  52  6:36  Missile Turret  
  52  6:37  Thor  
  58  7:09  Missile Turret, SCV  
  58  7:11  SCV  
  60  7:18  Missile Turret  
  60  7:21  SCV  
  61  7:23  SCV  
  62  7:31  Factory  
  62  7:33  SCV  
  62  7:35  SCV  
  62  7:36  Factory  
  64  7:53  Missile Turret  
  64  7:56  Planetary Fortress, Missile Turret  
  64  7:58  Terran Vehicle And Ship Armor Level 1  
  64  8:12  SCV x2  
  66  8:16  Factory  
  66  8:17  Missile Turret  
  66  8:21  Factory  
  66  8:22  Factory Tech Lab  
  66  8:23  Factory Reactor x2  
  66  8:24  SCV x2  
  66  8:27  Thor  
  74  8:36  SCV  
  74  8:38  Armory  
  75  8:45  Refinery  
  75  8:48  SCV  
  75  8:49  SCV  
  75  8:55  Thor  
  83  9:11  Refinery  
  83  9:13  Sensor Tower  
  83  9:23  Hellbat x3  
  83  9:24  Hellbat  
  91  9:49  Factory Tech Lab, Factory Reactor  
  91  9:51  Terran Vehicle Weapons Level 2  
  93  9:52  Hellbat  
  93  10:00  Supply Depot  
  93  10:01  Supply Depot  
  93  10:02  Supply Depot  
  93  10:09  Hellbat, Thor x2  
  93  10:10  Hellbat  
  109  10:18  Hellbat  
  108  10:21  Thor  
  108  10:23  Supply Depot  
  108  10:26  Supply Depot  
  105  10:37  Hellbat  
  105  10:38  Hellbat  
  101  10:52  Thor  
  107  11:00  Hellbat x2  
  107  11:01  Hellbat x2  
  107  11:02  Hellbat  
  107  11:03  Hellbat, Thor  
  125  11:04  Thor  
  131  11:14  Command Center  
  131  11:25  Hellbat x5  
  141  11:26  Hellbat  
  143  11:34  Supply Depot, Thor  
  143  11:36  Supply Depot  
  143  11:37  Supply Depot  
  147  11:55  Thor  
  147  12:01  Supply Depot  
  143  12:03  Supply Depot  
  143  12:04  Supply Depot  
  133  12:11  Thor  
  133  12:12  Hellbat x2  
  133  12:17  Thor  
  139  12:38  Thor  
  139  12:39  Hellbat  
  139  12:40  Hellbat x2  
  139  12:42  Planetary Fortress  
  151  12:45  SCV x2  
  153  12:51  SCV  
  153  12:57  SCV x2  
  156  13:04  Factory, SCV  
  157  13:07  Factory  
  157  13:08  Factory  
  157  13:09  SCV x2  
  157  13:12  Thor  
  165  13:16  SCV  
  164  13:26  Hellbat  
  164  13:27  Hellbat  
  140  13:53  Factory Tech Lab x2  
Tags
 
Composition
Mech
Matchup
TvT
Race
Terran
Replay Pack
sc2 replays
Spawn Locations
Cross Positions
Strategy
Banshee Rush
Add a new tag
Caveats
  • Supply blocks, unpowered buildings, or Contaminate may cause inaccurate times.
  • Supply counts are checked every 10 seconds.